 Dungeon Crawl Stone Soup version 0.14-a0-1361-g0512ea0 (webtiles) character file.

169 4tharraofdagon the Firebug (level 3, -1/24 HPs)
             Began as a Demonspawn Fire Elementalist on Dec 7, 2013.
             Slain by a worker ant (8 damage)
             ... on Level 5 of the Dungeon.
             The game lasted 00:08:27 (1194 turns).

4tharraofdagon the Firebug (DsFE)                   Turns: 1194, Time: 00:08:28

HP  -1/24        AC  2     Str  8      XL: 3   Next: 71%
MP   4/6         EV 12     Int 17      God:
Gold 113         SH  0     Dex 13      Spells:  2 memorised,  2 levels left

rFire  . . .     SeeInvis .     t - +1,+2 dagger (speed)
rCold  . . .     Clarity  .     a - +0 robe
rNeg   + . .     Conserve .     (no shield)
rPois  .         rCorr    .     q - +0 cap
rElec  .         rRot     .     (no cloak)
SustAb . .       Spirit   .     (no gloves)
rMut   .         Warding  .     (no boots)
Saprov . . .     Stasis   .     (no amulet)
                                (no ring)
                                m - cursed ring of positive energy

@: not resistant to hostile enchantments, fairly stealthy
A: antennae 2
a: no special abilities


You were on level 5 of the Dungeon.
You were hungry.

You visited 1 branch of the dungeon, and saw 5 of its levels.

You collected 113 gold pieces.

Inventory:

Hand weapons
 g - a +0,+0 spear
 p - a +1,+1 dwarven morningstar
 t - a +1,+2 dagger of speed (weapon)
Armour
 a - a +0 robe (worn)
 q - a +0 cap (worn)
Comestibles
 c - 7 bread rations
 v - a meat ration
Scrolls
 d - a scroll of immolation {unknown}
 e - a scroll of fog {unknown}
 f - a scroll of curse jewellery
 j - 2 scrolls of enchant weapon II {unknown}
 l - a scroll of blinking {unknown}
 n - a scroll of recharging {unknown}
 r - 2 scrolls of teleportation {unknown}
 u - a scroll of enchant weapon I {unknown}
Jewellery
 m - a cursed ring of positive energy (left hand)
Potions
 h - 4 potions of curing
 i - 2 potions of brilliance {unknown}
 k - 2 potions of paralysis {unknown}
 o - a potion of heal wounds
 s - a potion of might {unknown}
 w - a potion of restore abilities {unknown}
Books
 b - a book of Flames

   Spells                             Type                      Level
   *Flame Tongue                      Conjuration/Fire             1
   Throw Flame                        Conjuration/Fire             2
   *Conjure Flame                     Conjuration/Fire             3
   Inner Flame                        Hexes/Fire                   3
   Sticky Flame                       Conjuration/Fire             4
   Fireball                           Conjuration/Fire             5


   Skills:
 - Level 1.7 Dodging
 - Level 1.7 Stealth
 + Level 2.1 Spellcasting
 * Level 2.5 Conjurations
 * Level 3.4 Fire Magic


You had 2 spell levels left.
You knew the following spells:

 Your Spells              Type           Power        Failure   Level  Hunger
a - Flame Tongue          Conj/Fire      ##...        6%          1    #......
b - Conjure Flame         Conj/Fire      ##......     17%         3    ####...


Dungeon Overview and Level Annotations

Branches:
Dungeon (5/16)
 Temple: D:4-7

Altars:
Nemelex Xobeh

Annotations:
D:3 Sigmund


Innate Abilities, Weirdness & Mutations

You have a pair of antennae on your head.


Message History

The worker ant bites you.
You climb downwards.
There is a stone staircase leading up here.
Unknown command.
Drink which item? (? for menu, Esc to quit)
Okay, then.
Casting: Conjure Flame
Confirm with . or Enter, or press ? or * to list all spells.
Aiming: Flame Tongue
Press: ? - help, Shift-Dir - straight line, f - worker ant
Aim: a worker ant The flame misses the worker ant.
The worker ant bites you.
* * * LOW HITPOINT WARNING * * *
Casting: Flame Tongue
Confirm with . or Enter, or press ? or * to list all spells.
Aiming: Flame Tongue
Press: ? - help, Shift-Dir - straight line, f/p - worker ant
Aim: a worker ant The flame misses the worker ant.
The worker ant bites you!
You die...

.#.( . #.#..#.#
#.#..#.# #.#..#.#
#.#.##.# #.#.##.#
#.#.##.#
#######.#a##.#
#.#
...%.....@...#
#.#
############.#
#.# ##.# #.# #..#
#.# ########[.#
#.# #.........#
#.#
#.######..###.###
#........#
##.....#.#


You could see a worker ant.

Vanquished Creatures
  An adder (D:4)
  A gnoll (D:2)
  2 oozes
  2 ball pythons (D:2)
  4 bats (D:2)
  3 hobgoblins
  A jackal (D:4)
  A giant cockroach (D:2)
  A giant gecko (D:2)
  2 giant newts
  6 goblins
  8 kobolds
  5 rats
37 creatures vanquished.

Notes
Turn   | Place    | Note
--------------------------------------------------------------
     0 | D:1      | 4tharraofdagon, the Demonspawn Fire Elementalist, began the quest for the Orb.
     0 | D:1      | Reached XP level 1. HP: 13/13 MP: 3/3
     3 | D:1      | Daniel: win
   253 | D:2      | Gained mutation: You have a pair of small antennae on your head. [demonic ancestry]
   253 | D:2      | Reached XP level 2. HP: 17/19 MP: 1/4
   286 | D:2      | Daniel: cool
   305 | D:2      | Daniel: best body mut for spellcaster
   321 | D:2      | 4tharraofdagon: ye
   371 | D:2      | Reached skill level 3 in Fire Magic
   503 | D:3      | Noticed Sigmund
   512 | D:2      | Gained mutation: You have a pair of antennae on your head. [demonic ancestry]
   512 | D:2      | Reached XP level 3. HP: 21/24 MP: 1/6
   517 | D:2      | Learned a level 3 spell: Conjure Flame
   625 | D:3      | Found a sparkling altar of Nemelex Xobeh.
   938 | D:4      | Noticed a slave
  1030 | D:4      | Noticed a slave
  1030 | D:4      | Noticed a slave
  1054 | D:5      | Entered Level 5 of the Dungeon
  1090 | D:4      | Noticed a slave
  1104 | D:4      | misclick
  1194 | D:5      | Slain by a worker ant

Action                   || total
-------------------------++-------
Melee: Spear             ||    51
       Morningstar       ||     6
       Dagger            ||     5
 Cast: Flame Tongue      ||    42
       Conjure Flame     ||     1
  Use: Scroll            ||     4
 Stab: Sleeping          ||     2
